 Dungeon Crawl Stone Soup version 0.31-a0-920-g28cbb04a8c (webtiles) character file.

Game seed: 2966555058262642904

35 nidavellir the Covered (level 3, -1/29 HPs)
             Began as a Human Fighter on Oct 3, 2023.
             Constricted to death by Ijyb (3 damage)
             ... on level 3 of the Dungeon on Oct 17, 2023.
             The game lasted 00:05:40 (1059 turns).

nidavellir the Covered (Human Fighter)              Turns: 1059, Time: 00:05:41

Health: -1/29      AC:  6    Str: 18    XL:     3   Next: 55%
Magic:  3/3        EV:  6    Int:  8    God:
Gold:   104        SH:  4    Dex: 12    Spells: 2/2 levels left

rFire   . . .        a - +0 long sword
rCold   . . .        c - +0 buckler
rNeg    . . .        b - +0 scale mail
rPois   .            (no helmet)
rElec   .            (no cloak)
rCorr   .            (no gloves)
SInv    .            (no boots)
Will    .....        (no amulet) Stlth
                     (no ring)
HPRegen 0.24/turn    (no ring)
MPRegen 0.08/turn

%: no passive effects
@: grasped by roots, constricted
A: no striking features
a: no special abilities


You were on level 3 of the Dungeon.
You visited 1 branch of the dungeon, and saw 3 of its levels.

You collected 104 gold pieces.

Inventory:

Hand Weapons
 a - a +0 long sword (weapon)
Armour
 b - a +0 scale mail (worn)
 c - a +0 buckler (worn)
Jewellery
 g - a ring of protection from cold
Scrolls
 e - a scroll of teleportation {unknown}
 h - 3 scrolls of brand weapon {unknown}
 i - a scroll of vulnerability {unknown}
 k - a scroll of identify {unknown}
 m - a scroll of poison {unknown}
Potions
 d - a potion of might
 f - a potion of degeneration {unknown}
 j - a potion of lignification {unknown}
 l - a potion of attraction {unknown}


   Skills:
 + Level 3.3 Fighting
 + Level 2.5 Long Blades
 + Level 3.4 Armour
 + Level 3.2 Shields


You had 2 spell levels left.
You didn't know any spells.
Your spell library contained the following spells:

 Spells                   Type           Power      Damage    Failure   Level
 Inner Flame              Hex/Fire       0%         N/A       99%         3
 Flame Wave               Conj/Fire      0%         2d4       100%        4
 Sticky Flame             Conj/Fire      0%         2d3       100%        4


Dungeon Overview and Level Annotations

Branches:
Dungeon (3/15)

Altars:

Shops:
D:1 :

Annotations:
D:2 Sigmund
D:3 Ijyb


Message History

The adder barely misses you.
You bump into the rock wall.
The adder barely misses you. Sigmund barely misses you.
You feel less confused. The adder closely misses you.
The adder attacks as it pursues you! The adder bites you.
Sigmund hits you but does no damage. The adder closely misses you.
Sigmund attacks as he pursues you! Sigmund barely misses you.
The adder attacks as it pursues you! You block the adder's attack.
The adder closely misses you. The adder bites you but does no damage.
The adder attacks as it pursues you! You block the adder's attack.
The adder bites you. The adder barely misses you.
The adder attacks as it pursues you! The adder barely misses you.
The adder attacks as it pursues you! You block the adder's attack.
There is a stone staircase leading down here.
The adder bites you.
You are poisoned.
The adder poisons you! The adder bites you but does no damage.
Sigmund casts a spell at you. You resist with significant effort.
You climb downwards.
You feel sick.
Ijyb shouts!
There is a stone staircase leading up here.
You barely miss Ijyb.
You feel sick. Ijyb completely misses you.
You closely miss Ijyb.
You feel sick.
Ijyb zaps a wand.
The roots erupt in riotous growth!
The grasping roots grab you!
Ijyb is unaffected.
The grasping roots constrict you.
You hit Ijyb but do no damage.
You feel sick.
You are no longer poisoned.
Ijyb completely misses you. The grasping roots constrict you.
Ijyb hits you with a +0 club.
* * * LOW HITPOINT WARNING * * *
The grasping roots constrict you.
* * * LOW HITPOINT WARNING * * *
You closely miss Ijyb. You block Ijyb's attack.
The grasping roots constrict you.
You die...

###
#@#
#g#
#S#
..#
###


You could see Ijyb and an adder.

Vanquished Creatures
  An adder (D:2)
  3 bats (D:1)
  2 endoplasms (D:1)
  A giant cockroach (D:1)
  2 hobgoblins
  3 kobolds (D:1)
  6 ball pythons
  2 frilled lizards (D:1)
  2 goblins (D:1)
  5 rats
27 creatures vanquished.

Notes
Turn   | Place    | Note
-------+----------+-------------------------------------------
     0 | D:1      | nidavellir the Human Fighter began the quest for the Orb.
     0 | D:1      | Reached XP level 1. HP: 18/18 MP: 1/1
   478 | D:1      | Reached XP level 2. HP: 18/24 MP: 2/2
   714 | D:1      | Found Umuqor's Book Shop.
   785 | D:1      | Reached XP level 3. HP: 29/29 MP: 3/3
   919 | D:1      | Upgraded the game from 0.31-a0-846-gb3bcc0d938 to
                  | 0.31-a0-920-g28cbb04a8c
  1028 | D:2      | Noticed Sigmund
  1055 | D:3      | Noticed Ijyb
  1059 | D:3      | Constricted to death by Ijyb

Illustrated notes

Levels and vault maps discovered:
D:1:      matt_arrival_los_fun, layout_loops_corners, serial_shops, shop,
          minmay_unequal
D:2:      layout_basic, minmay_tromino_i4, uniq_sigmund, uniq_robin
D:3:      minmay_wonky_spiral, layout_basic, mainiacjoe_overflow_alcove_2,
          corexii_shack, uniq_ijyb

Action                     || total
---------------------------++-------
  Melee: Long sword        ||    67
 Armour: Scale mail        ||    55
  Dodge: Dodged            ||    36
  Block: Buckler           ||    21

Table legend: (Time is in decaauts)
 A = Elapsed time spent in this place.
 B = Non-inter-level travel time spent in this place.
 C = Inter-level travel time spent in this place.
 D = Time resting spent in this place.
 E = Time spent auto-exploring this place.
 F = Levels seen in this place.
 G = Mean time per level.
                   A        B        C        D        E       F      G
               +--------+--------+--------+--------+--------+-----+--------+
         Total |   1081 |   1081 |      0 |      0 |      0 |   3 |  360.3 |
       Dungeon |   1081 |   1081 |      0 |      0 |      0 |   3 |  360.3 |
               +--------+--------+--------+--------+--------+-----+--------+

Top non-repeatable levels by time:
     D:1: 967 daAuts
     D:2: 108 daAuts
     D:3: 4 daAuts
